 Dungeon Sprint DCSS version 0.20-a0-739-g6bb112f (webtiles) character file.

2140 Kidiri the Thaumaturge (level 9, -1/55 HPs)
             Began as a Deep Elf Fire Elementalist on Feb 24, 2017.
             Was a Priest of Vehumet.
             Slain by a centaur warrior (11 damage)
             ... in the Dungeon (Sprint III: "The Ten Rune Challenge").
             The game lasted 00:07:53 (1647 turns).

Kidiri the Thaumaturge (Deep Elf Fire Elementalist) Turns: 1647, Time: 00:07:54

Health: -1/55      AC:  2    Str:  7    XL:     9   Next: 9%
Magic:  13/28      EV: 18    Int: 24    God:    Vehumet [***...]
Gold:   15         SH:  0    Dex: 17    Spells: 12/34 levels left

rFire    . . .     SeeInvis .   k - +1 dagger
rCold    . . .     Gourm    .   a - +0 robe
rNeg     . . .     Faith    .   (no shield)
rPois    .         Spirit   .   (no helmet)
rElec    .         Reflect  .   (no cloak)
rCorr    .         Harm     .   (no gloves)
MR       .....     NoTele   +   (no boots)
Stlth    ++........             (no amulet)
Regen    0.2/turn               (no ring)
MPRegen  0.3/turn               (no ring)

@: no status effects
A: agile 1, sense surroundings 1, strong 1
a: Renounce Religion


You were in the Dungeon.
You worshipped Vehumet.
Vehumet was most pleased with you.
You were full.

You visited 1 branch You collected 15 gold pieces.

Inventory:

Hand Weapons
 k - a +1 dagger (weapon)
Armour
 a - a +0 robe (worn)
Wands
 l - a wand of enslavement (17/24)
Scrolls
 d - a scroll of torment
 i - a scroll of blinking
 m - a scroll of remove curse {unknown}
 p - a scroll of immolation {unknown}
 r - 2 scrolls of enchant armour {unknown}
Potions
 f - a potion of haste
 g - a potion of magic
 h - 2 potions of berserk rage
 o - 4 potions of flight
 s - a potion of mutation
Comestibles
 c - a bread ration


   Skills:
 + Level 6.0 Fighting
 + Level 6.6 Short Blades
 + Level 5.8 Armour
 + Level 8.9 Dodging
 - Level 2.4 Stealth
 * Level 13.2 Spellcasting
 + Level 7.9 Conjurations
 + Level 8.5 Fire Magic
 + Level 2.9 Air Magic
 + Level 3.7 Evocations


You had 12 spell levels left.
You knew the following spells:

 Your Spells              Type           Power        Failure   Level  Hunger
a - Flame Tongue          Conj/Fire      #####        1%          1    None
b - Throw Flame           Conj/Fire      ######       1%          2    None
c - Conjure Flame         Conj/Fire      ######..     1%          3    None
d - Inner Flame           Hex/Fire       #####...     1%          3    None
e - Sticky Flame          Conj/Fire      ######..     1%          4    None
f - Fireball              Conj/Fire      ######....   1%          5    ###....
g - Shock                 Conj/Air       ####         1%          1    None
h - Dazzling Spray        Conj/Hex       ####..       1%          3    None


Dungeon Overview and Level Annotations

Branches:
Dungeon (1/1)

Altars:
Cheibriados
Dithmenos
Elyvilon
Fedhas
Gozag
Hepliaklqana
Kikubaaqudgha
Makhleb
Nemelex Xobeh
Okawaru
Qazlal
Ru
Sif Muna
Trog
Uskayaw
Vehumet
Xom
Yredelemnul
Zin
The Shining One
Beogh
Jiyva
Lugonu

Annotations:
D exclusion: door


Innate Abilities, Weirdness & Mutations

You are agile. (Dex +2)
You passively map a small area around you.
Your muscles are strong. (Str +2)


Message History

The centaur warrior is covered in liquid flames!
The centaur warrior burns!
The centaur warrior misses you.
Casting: Sticky Flame
Confirm with . or Enter, or press ? or * to list all spells.
Aiming: Flame Tongue
Press: ? - help, Shift-Dir - straight line, f/p - centaur warrior
Aim: a centaur warrior (heavily wounded, covered in liquid flames)
The flame tongue hits the centaur warrior.
The centaur warrior is heavily wounded.
The centaur warrior burns!
The centaur warrior hits you! x2
* * * LOW HITPOINT WARNING * * *
Casting: Flame Tongue
Confirm with . or Enter, or press ? or * to list all spells.
Aiming: Flame Tongue
Press: ? - help, Shift-Dir - straight line, f/p - centaur warrior
Aim: a centaur warrior (heavily wounded, covered in liquid flames)
The flame tongue hits the centaur warrior.
The centaur warrior is severely wounded.
The centaur warrior burns!
The centaur warrior hits you!
You die...

#__[#__#* * , #__.#[_#
, ,, *,* ≈ #+###+## ,
,, , , .......# ,, , ,
.......#, , ∩ , , *
######'#,,* ,* *
#__#...#+#############
#__#..)#.§≈§§'§#.c...+
,
#__#...#.#§≈§#.#@#)..#
,
#__#...'.#.§§#§#.#.c.#
#__+...#.#§..#...#c..#
*
▓▓▓▓▓▓▓▓▓▓▓▓▓▓▓▓▓▓▓▓▓#
* * , , ,, , , +* ≈≈ *
≈ * * ** ** * * * * *
,


You could see a centaur warrior (burning).

Vanquished Creatures
  Erica (D)
  A deep elf mage (D)
  A shadow (D)
  A spatial vortex (D)
  A necrophage (D)
  2 centaurs (D)
  An earth elemental (D)
  A water elemental (D)
  A scorpion (D)
  A jelly (D)
  A wizard (D)
  Jessica (D)
  A necromancer (D)
  3 humans (D)
  A kobold demonologist (D)
  An ooze (D)
  2 rats (D)
21 creatures vanquished.

Vanquished Creatures (others)
  2 draconian scorchers (D)
  2 yaktaurs (D)
  6 hellions (D)
10 creatures vanquished.

Grand Total: 31 creatures vanquished

Notes
Turn   | Place    | Note
-------+----------+-------------------------------------------
     0 | D        | Kidiri the Deep Elf Fire Elementalist began the quest for the Orb.
     0 | D        | Reached XP level 1. HP: 10/10 MP: 6/6
    12 | D        | Reached skill level 4 in Spellcasting
    61 | D        | Killed a yaktaur
    66 | D        | Noticed Jessica
    69 | D        | Killed Jessica
    69 | D        | Reached skill level 1 in Fighting
    69 | D        | Reached skill level 1 in Armour
    69 | D        | Reached skill level 5 in Spellcasting
    69 | D        | Reached XP level 2. HP: 17/17 MP: 5/10
    69 | D        | Reached XP level 3. HP: 21/21 MP: 5/11
    73 | D        | Learned a level 2 spell: Throw Flame
    77 | D        | Learned a level 3 spell: Conjure Flame
    81 | D        | Learned a level 3 spell: Inner Flame
    85 | D        | Killed a hellion
    99 | D        | Killed a hellion
   124 | D        | Killed a hellion
   145 | D        | Killed a white draconian scorcher
   157 | D        | Killed a white draconian scorcher
   163 | D        | Killed a hellion
   167 | D        | Killed a hellion
   196 | D        | Noticed a scorpion
   202 | D        | Killed a scorpion
   202 | D        | Reached skill level 1 in Short Blades
   202 | D        | Reached skill level 6 in Spellcasting
   202 | D        | Reached XP level 4. HP: 21/27 MP: 6/14
   231 | D        | Gained mutation: You possess an exceptional clarity of mind. [potion of mutation]
   231 | D        | Gained mutation: You are partially covered in thin metallic scales. (AC +2) [potion of mutation]
   231 | D        | Gained mutation: You are robust. (+10% HP) [potion of mutation]
   232 | D        | Lost mutation: You are robust. (+10% HP) [potion of mutation]
   232 | D        | Lost mutation: You possess an exceptional clarity of mind. [potion of mutation]
   232 | D        | Lost mutation: You are partially covered in thin metallic scales. (AC +2) [potion of mutation]
   232 | D        | Gained mutation: You are dopey. (Int -2) [potion of mutation]
   232 | D        | Gained mutation: Your spells are a little easier to cast, but a little less powerful. [potion of mutation]
   232 | D        | Gained mutation: Your flesh is heat resistant. (rF+) [potion of mutation]
   233 | D        | Lost mutation: Your spells are a little easier to cast, but a little less powerful. [potion of mutation]
   233 | D        | Lost mutation: Your flesh is heat resistant. (rF+) [potion of mutation]
   233 | D        | Lost mutation: You are dopey. (Int -2) [potion of mutation]
   233 | D        | Gained mutation: Your movements are slightly less encumbered by armour. (ER -2) [potion of mutation]
   233 | D        | Gained mutation: Your natural rate of healing is unusually fast. [potion of mutation]
   234 | D        | Lost mutation: Your natural rate of healing is unusually fast. [potion of mutation]
   234 | D        | Lost mutation: Your movements are slightly less encumbered by armour. (ER -2) [potion of mutation]
   234 | D        | Gained mutation: You have a somewhat thin skeletal structure. (Dex +2, Stealth) [potion of mutation]
   234 | D        | Gained mutation: You passively map a small area around you. [potion of mutation]
   235 | D        | Lost mutation: You have a somewhat thin skeletal structure. (Dex +2, Stealth) [potion of mutation]
   235 | D        | Gained mutation: You are agile. (Dex +2) [potion of mutation]
   235 | D        | Gained mutation: Your muscles are strong. (Str +2) [potion of mutation]
   249 | D        | Learned a level 4 spell: Sticky Flame
   263 | D        | Noticed a water elemental
   266 | D        | Killed a water elemental
   266 | D        | Reached skill level 5 in Dodging
   266 | D        | Reached skill level 7 in Spellcasting
   266 | D        | Reached skill level 5 in Fire Magic
   266 | D        | Reached XP level 5. HP: 32/32 MP: 11/17
   273 | D        | Learned a level 5 spell: Fireball
   288 | D        | Killed a hellion
   313 | D        | Found a radiant altar of Vehumet.
   314 | D        | Found a deep blue altar of Sif Muna.
   314 | D        | Found an ancient bone altar of Kikubaaqudgha.
   315 | D        | Noticed a chaos spawn
   317 | D        | Noticed an ice devil
   317 | D        | Reached skill level 8 in Spellcasting
   318 | D        | Noticed a hellwing
   350 | D        | Became a worshipper of Vehumet
   548 | D        | Killed a yaktaur
   573 | D        | Found a glowing silver altar of Zin.
   574 | D        | Found a glowing golden altar of the Shining One.
   574 | D        | Found a white marble altar of Elyvilon.
   574 | D        | Noticed a deep elf mage
   579 | D        | Noticed a red devil
   581 | D        | Killed a deep elf mage
   581 | D        | Reached skill level 10 in Spellcasting
   581 | D        | Reached skill level 5 in Conjurations
   581 | D        | Reached XP level 6. HP: 26/39 MP: 8/21
   581 | D        | Reached XP level 7. HP: 30/44 MP: 8/23
   753 | D        | Found a hide-covered altar of Uskayaw.
   753 | D        | Found a roughly hewn altar of Beogh.
   753 | D        | Found an iron altar of Okawaru.
   753 | D        | Found a bloodstained altar of Trog.
   753 | D        | Noticed a human
   757 | D        | Noticed a human
   757 | D        | Killed a human
   757 | D        | Reached skill level 5 in Short Blades
   757 | D        | Reached skill level 11 in Spellcasting
   757 | D        | Killed a human
   757 | D        | Reached * piety under Vehumet
   757 | D        | Offered knowledge of Sandblast by Vehumet.
   757 | D        | Reached skill level 5 in Fighting
   871 | D        | Found a basalt altar of Yredelemnul.
   871 | D        | Found a shadowy altar of Dithmenos.
   871 | D        | Found a sacrificial altar of Ru.
   876 | D        | Reached skill level 5 in Armour
  1086 | D        | Noticed a shadow
  1094 | D        | Killed a shadow
  1094 | D        | Reached ** piety under Vehumet
  1094 | D        | Offered knowledge of Shock by Vehumet.
  1094 | D        | Reached skill level 12 in Spellcasting
  1094 | D        | Reached skill level 1 in Evocations
  1094 | D        | Reached XP level 8. HP: 49/49 MP: 10/26
  1097 | D        | Learned a level 1 spell: Shock
  1180 | D        | Found a blossoming altar of Fedhas.
  1180 | D        | Found a stormy altar of Qazlal.
  1180 | D        | Found a snail-covered altar of Cheibriados.
  1180 | D        | Found a burning altar of Makhleb.
  1180 | D        | Found a shimmering altar of Xom.
  1181 | D        | Found a hazy altar of Hepliaklqana.
  1181 | D        | Found an opulent altar of Gozag.
  1181 | D        | Found a sparkling altar of Nemelex Xobeh.
  1181 | D        | Found a corrupted altar of Lugonu.
  1181 | D        | Found a viscous altar of Jiyva.
  1257 | D        | Noticed Erica
  1269 | D        | Killed Erica
  1269 | D        | Offered knowledge of Dazzling Spray by Vehumet.
  1269 | D        | Reached skill level 13 in Spellcasting
  1274 | D        | Learned a level 3 spell: Dazzling Spray
  1435 | D        | Reached *** piety under Vehumet
  1435 | D        | Reached XP level 9. HP: 18/55 MP: 3/28
  1636 | D        | Noticed a centaur warrior
  1644 | D        | Offered knowledge of Ignite Poison by Vehumet.
  1647 | D        | Slain by a centaur warrior

Vault maps used:
D:        dungeon_sprint_mu

Skill      XL: |  1  2  3  4  5  6  7  8  9 |
---------------+----------------------------+-----
Spellcasting   | 5 6 7 10 12 13 | 13.2
Fighting       | 1 2 3 4 5 6 |  6.0
Armour         | 1 2 4 5 |  5.8
Dodging        | 3 4 5 7 8 |  8.9
Conjurations   | 2 3 4 5 6 7 |  7.9
Fire Magic     | 4 5 6 7 8 |  8.5
Short Blades   | 1 2 4 5 6 |  6.6
Evocations     | 1 3 |  3.7
Air Magic      | 2 |  2.9
Stealth        | |  2.4

Action                   |  1- 3 |  4- 6 |  7- 9 || total
-------------------------+-------+-------+-------++-------
Melee: Dagger            |       |       |     3 ||     3
 Cast: Flame Tongue      |    18 |     6 |    30 ||    54
       Conjure Flame     |       |     1 |     3 ||     4
       Sticky Flame      |       |     3 |     5 ||     8
       Fireball          |       |       |     4 ||     4
       Throw Flame       |       |       |     1 ||     1
       Dazzling Spray    |       |       |    21 ||    21
  Use: Potion            |     1 |     6 |     2 ||     9
       Scroll            |       |       |     3 ||     3
 Stab: Invisible         |       |       |     1 ||     1
  Eat: Chunk             |       |       |     2 ||     2
       Royal jelly       |       |       |     3 ||     3
Armor: Robe              |     1 |       |       ||     1
Dodge: Dodged            |     3 |     5 |    13 ||    21
